 Dungeon Crawl Stone Soup version 0.28.0-53-g5a82cb258f (webtiles) character file.

Game seed: 15113880620320587640

101 Stomo the Skirmisher (level 4, -6/40 HPs)
             Began as a Draconian Monk on July 13, 2022.
             Killed by divine providence
             ... invoked by an orc priest
              (15 damage)
             ... on level 3 of the Dungeon.
             The game lasted 00:04:07 (3692 turns).

Stomo the Skirmisher (Draconian Monk)               Turns: 3692, Time: 00:04:08

Health: -6/40      AC:  5    Str: 15    XL:     4   Next: 48%
Magic:  4/4        EV: 13    Int: 11    God:
Gold:   201        SH:  0    Dex: 13    Spells: 3/3 levels left

rFire   . . .      SeeInvis .   a - +0 mace
rCold   . . .      Faith    .   (no shield)
rNeg    . . .      Spirit   .   (armour unavailable)
rPois   .          Reflect  .   (helmet restricted)
rElec   .          Harm     .   (no cloak)
rCorr   .          Rampage  .   (no gloves)
Will    .....                   (no boots)
Stlth   +.........              (no amulet)
HPRegen 0.13/turn               (no ring)
MPRegen 0.09/turn               (no ring)

@: confused
A: AC +5, unfitting armour, cold-blooded
a: no special abilities


You were on level 3 of the Dungeon.
You visited 1 branch of the dungeon, and saw 3 of its levels.

You collected 201 gold pieces.

Inventory:

Hand Weapons
 a - a +0 mace (weapon)
Scrolls
 f - a scroll of identify {unknown}
 h - a scroll of torment {unknown}
Potions
 b - a potion of might {unknown}
 c - 3 potions of mutation {unknown}
 d - a potion of attraction {unknown}
 e - a potion of flight {unknown}
 g - a potion of curing {unknown}
 i - a potion of invisibility {unknown}


   Skills:
 + Level 4.3 Fighting
 + Level 3.8 Maces & Flails
 + Level 3.5 Dodging
 - Level 1.7 Stealth


You had 3 spell levels left.
You didn't know any spells.
Your spell library contained the following spells:

 Spells                   Type           Power      Damage    Failure   Level
 Animate Skeleton         Necr           0%         N/A       34%         1
 Pain                     Necr           0%         1d4       34%         1
 Vampiric Draining        Necr           0%         2d6       71%         3


Dungeon Overview and Level Annotations

Branches:
Dungeon (3/15)

Altars:

Shops:
D:1 =*[:


Innate Abilities, Weirdness & Mutations

Your plain brown scales are hard. (AC +5)
You cannot fit into any form of body armour.
You are cold-blooded and may be slowed by cold attacks.


Message History

You resist with some effort.
The orc shouts!
An orc priest comes into view. It is wielding a +5 hand axe.
The orc wizard hits you with a +0 dagger.
You closely miss the orc wizard. You tail-slap the orc wizard.
The orc wizard is lightly wounded.
The orc wizard gestures at you while chanting.
The puff of flame hits you!
The orc priest mumbles some strange prayers to Beogh against you.
Beogh smites you!
You completely miss the orc wizard.
The orc wizard is lightly wounded.
The orc wizard mumbles some strange words.
The orc wizard flickers and vanishes!
Deactivating autopickup; reactivate with Ctrl-A.
You hit something but do no damage. Something hits you.
You barely miss something.
Your tail-slap misses something.
Something hits you but does no damage.
You miss something. Something hits you but does no damage.
Unknown command.
You hit the orc.
The orc is severely wounded.
You hit the orc.
You kill the orc!
The orc priest invokes the aid of Beogh against you.
Beogh smites you!
* * * LOW HITPOINT WARNING * * *
A magic dart appears from out of thin air!
The magic dart hits you.
* * * LOW HITPOINT WARNING * * *
The orc shouts!
You hear some strange, mumbled words.
You are confused.
The orc priest shouts!
Something hits you but does no damage.
You are too confused!
You're too confused to move!
The orc priest mumbles some strange prayers to Beogh against you.
Beogh smites you!
You die...

......#... #. .#
###.....########.#.#
..............##.#.#
.###...####.####.#.#
.##.#'#####......#.#
.##.†...#....#.#.#>#
......#.#.##.#.#...#
....†......#.#.##.########
....#.#...##.#..@{........
##†.#......#'###o..#######
.........#.o.....#o##
........##.....o.#o.##
..#.#.#......)..###.o##
###.#.#####....# ##..##
#.#.. .....# +#..## #.# #.
....# ##..### #...# .#...#
##...###


You could see 2 orc priests and 3 orcs.

Vanquished Creatures
  2 adders
  3 worms (D:2)
  9 dart slugs (D:3)
  2 orcs (D:3)
  5 endoplasms
  2 giant cockroaches
  7 goblins
  A quokka (D:2)
  4 ball pythons (D:1)
  6 bats
  7 frilled lizards
  3 kobolds
  5 rats
56 creatures vanquished.

Vanquished Creatures (others)
  3 fungi (D:1)
3 creatures vanquished.

Grand Total: 59 creatures vanquished

Notes
Turn   | Place    | Note
-------+----------+-------------------------------------------
     0 | D:1      | Stomo the Draconian Monk began the quest for the Orb.
     0 | D:1      | Reached XP level 1. HP: 19/19 MP: 1/1
   410 | D:1      | Found Xuatupt's Book Shop.
   414 | D:1      | Reached XP level 2. HP: 26/26 MP: 2/2
   593 | D:1      | Found Posiukke's General Store.
   603 | D:1      | Found Duneij's Antique Armour Boutique.
   687 | D:1      | Found Erink's Jewellery Boutique.
  1031 | D:1      | Found a faded altar of an unknown god.
  1499 | D:2      | Reached XP level 3. HP: 8/33 MP: 3/3
  2602 | D:2      | Reached skill level 4 in Fighting
  3205 | D:3      | Reached XP level 4. HP: 35/39 MP: 4/4
  3692 | D:3      | Killed from afar by an orc priest

Illustrated notes

Levels and vault maps discovered:
D:1:      ncdulo_smallfort, layout_basic, shapermc_ecumenical_altar_petra,
          serial_shops, shop, shop, shop_statue, shop
D:2:      layout_basic, dk_noncrumbling_4
D:3:      kennysheep_slugbush, layout_basic, tso_metal_star

Skill      XL: |  1  2  3 |
---------------+----------+-----
Dodging        | 3 |  3.5
Fighting       | 4 |  4.3
Maces & Flails | |  3.8
Stealth        | |  1.7

Action                   |  1- 3 |  4- 6 || total
-------------------------+-------+-------++-------
Melee: Mace              |   172 |    49 ||   221
       Tailslap          |    30 |     1 ||    31
       Punch             |       |     1 ||     1
  Use: Scroll            |     1 |       ||     1
 Stab: Sleeping          |    10 |     1 ||    11
       Distracted        |     1 |       ||     1
Armor: Skin              |    45 |    18 ||    63
Dodge: Dodged            |   106 |    39 ||   145
